 Dungeon Crawl Stone Soup version 0.21-a0-1-gaf3b9a5 (webtiles) character file.

1950 anfisbena the Cleaver (level 9, 0/127 HPs)
             Began as a Hill Orc Fighter on May 20, 2017.
             Was a Believer of Uskayaw.
             Slain by a large abomination (10 damage)
             ... on level 1 of the Abyss.
             The game lasted 00:08:01 (6147 turns).

anfisbena the Cleaver (Hill Orc Fighter)            Turns: 6147, Time: 00:08:02

Health: 0/127      AC: 24    Str: 16 (19) XL:     9   Next: 18%
Magic:  10/10      EV:  2    Int:  5 (8)  God:    Uskayaw [**....]
Gold:   218        SH:  9    Dex: 13 (16) Spells: 8/8 levels left

rFire    . . .     SeeInvis +   d - +0 hand axe (elec)
rCold    . . .     Gourm    .   c - +0 shield
rNeg     + + +     Faith    .   (armour currently unavailable)
rPois    +         Spirit   .   (helmet currently unavailable)
rElec    .         Reflect  .   (cloak currently unavailable)
rCorr    .         Harm     .   (gloves currently unavailable)
MR       .....     NoTele   +   (boots currently unavailable)
Stlth    +.........             k - amulet of regeneration
Regen    0.8/turn               y - ring of see invisible
MPRegen  0.2/turn               x - +3 ring of dexterity

@: tree-form (expiring)
A: no striking features
a: Stomp, Line Pass, Renounce Religion


You were on level 1 of the Abyss.
You worshipped Uskayaw.
Uskayaw was noncommittal.
You were hungry.
You were a tree.
You visited 2 branches of the dungeon, and saw 7 of its levels.
You visited the Abyss 1 time.
You also visited: Sewer.

You collected 218 gold pieces.

Inventory:

Hand Weapons
 d - a +0 hand axe of electrocution (weapon)
Armour
 b - a +0 scale mail (melded)
 c - a +0 shield (worn)
Jewellery
 j - an uncursed ring of protection from cold
 k - an amulet of regeneration (around neck)
 t - a cursed amulet of guardian spirit {unknown}
 x - a +3 ring of dexterity (right branch)
 y - a ring of see invisible (left branch)
Wands
 a - a wand of digging (12/24)
Scrolls
 e - 3 scrolls of identify {unknown}
 g - 2 scrolls of magic mapping {unknown}
 l - 3 scrolls of recharging
 m - 6 scrolls of remove curse {unknown}
 p - 3 scrolls of teleportation {unknown}
 v - a scroll of enchant weapon {unknown}
 E - a scroll of enchant armour {unknown}
 G - a scroll of blinking {unknown}
Potions
 h - 4 potions of curing
 n - 4 potions of lignification
 o - 2 potions of degeneration
 q - 2 potions of haste {unknown}
 r - a potion of magic {unknown}
 s - 2 potions of flight
 u - 2 potions of brilliance {unknown}
 z - a potion of mutation {unknown}
 C - 2 potions of heal wounds {unknown}
 D - a potion of cancellation {unknown}
 F - a potion of agility {unknown}
Comestibles
 f - 5 bread rations
 i - 2 meat rations
 A - 3 royal jellies
 B - a chunk of flesh


   Skills:
 - Level 10.0 Fighting
 + Level 10.5 Axes
 + Level 4.0 Armour
 + Level 4.1 Shields
 + Level 2.4 Invocations


You had 8 spell levels left.
You didn't know any spells.

Dungeon Overview and Level Annotations

Branches:
Dungeon (6/15)             Temple (1/1) D:5

Altars:
Ashenzari
Cheibriados
Dithmenos
Elyvilon
Fedhas
Gozag
Hepliaklqana
Kikubaaqudgha
Makhleb
Nemelex Xobeh
Okawaru
Qazlal
Sif Muna
Trog
Uskayaw
Vehumet
Wu Jian
Xom
Yredelemnul
Zin
The Shining One

Shops:
D:4 [


Message History

It was a potion of degeneration.
There was something very wrong with that liquid.
You feel weakened.
You feel dopey.
You feel clumsy.
The ufetubus hits you but does no damage. x2
The ynoxinul completely misses you.
You are already empty-handed.
Wield which item (- for none, * to show all)? (? for menu, Esc to quit)
You hear the crackle of electricity.
d - a +0 hand axe of electrocution (weapon)
The ufetubus hits you but does no damage. x2
The large abomination hits you!
* * * LOW HITPOINT WARNING * * *
You feel better. The ufetubus completely misses you.
You block the ufetubus's attack.
The ynoxinul hits you but does no damage.
The ufetubus hits you.
* * * LOW HITPOINT WARNING * * *
The ufetubus hits you but does no damage.
The large abomination hits you!
You die...

###. # . ..
.### ...##
.... . # . #
#.). ##. ..
#. .# #
####. . ##(
## # .
......######
#.#.#.. ...
#. #.#.#.
..# .###
#.##.##.##
#5#...# ...
#. .
#.###355# .
.# # # #
##♣# # ... .
#. .
#X55#..# ..
.. # #
#######....
#..# # # ...
. #. ..# .#
# . #.# #..
# . ..## # #
# .# # # #


You could see a large abomination, a ynoxinul and 5 ufetubi.

Vanquished Creatures
  Grinder (D:6)
  Sigmund (D:3)
  Edmund (D:6)
  An orc warrior (D:6)
  2 sky beasts (D:5)
  A phantom (D:6)
  An ogre (D:4)
  Blork the orc (D:5)
  A scorpion (D:4)
  5 wights (D:6)
  2 howler monkeys
  3 crimson imps
  3 hounds
  A bullfrog skeleton (D:5)
  Jessica (D:3)
  3 worker ants
  A killer bee zombie (D:5)
  A hound skeleton (D:6)
  3 gnolls (D:6)
  7 adders
  3 oozes
  An adder skeleton (D:4)
  An adder zombie (D:5)
  4 worms
  6 dart slugs
  2 leopard geckos
  23 orcs
  7 bats
  7 giant cockroaches
  5 goblins
  9 hobgoblins
  11 jackals
  5 quokkas
  10 ball pythons
  4 frilled lizards
  14 kobolds
  A leopard gecko skeleton (D:5)
  11 rats
  8 plants (Sewer)
172 creatures vanquished.

Notes
Turn   | Place    | Note
-------+----------+-------------------------------------------
     0 | D:1      | anfisbena the Hill Orc Fighter began the quest for the Orb.
     0 | D:1      | Reached XP level 1. HP: 19/19 MP: 1/1
   220 | D:1      | Reached XP level 2. HP: 24/27 MP: 2/2
   550 | D:1      | Reached XP level 3. HP: 25/33 MP: 3/3
  1284 | D:2      | Reached XP level 4. HP: 40/41 MP: 4/4
  1545 | D:2      | Reached skill level 5 in Fighting
  2150 | D:3      | Noticed Jessica
  2158 | D:3      | Reached XP level 5. HP: 36/48 MP: 5/5
  2163 | D:3      | Killed Jessica
  2163 | D:3      | Reached skill level 5 in Axes
  2248 | D:3      | Noticed Sigmund
  2259 | D:3      | HP: 1/49 [poisoned by Sigmund]
  2271 | D:3      | Killed Sigmund
  2271 | D:3      | Reached XP level 6. HP: 18/58 MP: 6/6
  3178 | D:4      | Reached XP level 7. HP: 47/66 MP: 7/7
  3325 | D:4      | Found a glowing drain.
  3332 | D:4      | Found Oroqom's Armour Boutique.
  3336 | Sewer    | Entered a sewer
  4521 | D:5      | Entered Level 5 of the Dungeon
  4705 | D:5      | Reached XP level 8. HP: 31/75 MP: 8/8
  4802 | D:5      | Found a staircase to the Ecumenical Temple.
  4823 | Temple   | Entered the Ecumenical Temple
  4849 | Temple   | Became a worshipper of Uskayaw the Reveler
  5185 | D:5      | Reached * piety under Uskayaw
  5216 | D:5      | Noticed Blork the orc
  5222 | D:5      | Reached ** piety under Uskayaw
  5225 | D:5      | Killed Blork the orc
  5728 | D:6      | Noticed Grinder
  5732 | D:6      | Paralysed by Grinder for 4 turns
  5753 | D:6      | Killed Grinder
  5753 | D:6      | Reached skill level 10 in Axes
  5959 | D:6      | Reached skill level 10 in Fighting
  5967 | D:6      | Noticed Edmund
  5980 | D:6      | Reached *** piety under Uskayaw
  5985 | D:6      | Killed Edmund
  5985 | D:6      | Reached skill level 1 in Invocations
  5985 | D:6      | Reached XP level 9. HP: 61/85 MP: 8/10
  5994 | D:6      | Reached **** piety under Uskayaw
  5998 | D:6      | Reached ***** piety under Uskayaw
  6006 | D:6      | Reached ****** piety under Uskayaw
  6047 | D:6      | Cast into level 1 of the Abyss (gnoll)
  6146 | Abyss:1  | HP: 1/127 [large abomination (11)]
  6147 | Abyss:1  | Slain by a large abomination

Vault maps used:
D:1:      dpeg_arrival_tiny_f
D:2:      lemuel_upstairs_altar
D:3:      first_bread, uniq_sigmund, uniq_jessica
D:4:      cheibrodos_sewer_entry_sluice, serial_shops, shop,
          minmay_misc_feat_rows
D:5:      temple_statues, uniq_blork_the_orc
D:6:      uniq_crazy_yiuf_cottage, uniq_edmund, uniq_grinder
Temple:   roderic_octagonal_lattice_temple
Abyss:1:  gammafunk_corrupted_shrine
Sewer:    sewer_co_scattered_pipes

Skill      XL: |  1  2  3  4  5  6  7  8  9 |
---------------+----------------------------+-----
Axes           | 3 4 6 7 8 10 | 10.5
Fighting       | 4 5 6 7 8 10 | 10.0
Invocations    | 1 2 |  2.4
Armour         | 4 |  4.0
Shields        | 4 |  4.1

Action                   |  1- 3 |  4- 6 |  7- 9 || total
-------------------------+-------+-------+-------++-------
Melee: War axe           |    89 |   122 |   310 ||   521
       Hand axe          |       |       |    76 ||    76
       Unarmed           |       |       |    12 ||    12
  Use: Potion            |       |     5 |     5 ||    10
       Scroll            |       |       |     1 ||     1
 Stab: Paralysed         |       |       |     2 ||     2
  Eat: Chunk             |     1 |     7 |     9 ||    17
       Fruit             |       |       |     1 ||     1
Armor: Scale mail        |    59 |    49 |    92 ||   200
       Skin              |       |       |    20 ||    20
Dodge: Dodged            |    29 |    40 |    84 ||   153
Block: Shield            |    51 |    49 |   137 ||   237
